[Event "RUS-ch Men Rapid 2019"]
[Site "Sochi"]
[Date "2019.10.16"]
[Round "9.5"]
[White "Antipov, Mikhail Al."]
[Black "Lugovskoy, Maxim"]
[Result "1-0"]
[ECO "C05"]
[WhiteElo "2567"]
[BlackElo "2436"]
[Annotator "ChessBase"]
[PlyCount "73"]
[EventDate "2019.10.15"]
[EventType "swiss"]
[EventCountry "RUS"]
[SourceTitle "playchess.com"]
[Source "ChessBase"]
[SourceQuality "1"]
[TimeControl "900+10"]

1. e4 e6 2. d4 d5 3. Nd2 Nf6 4. e5 Nfd7 5. Bd3 c5 6. c3 Nc6 7. Ngf3 cxd4 8. cxd4 Qb6 9. O-O Nxd4 10. Nxd4 Qxd4 11. Nf3 Qb6 12. Qa4 a6 13. a3 g6 14. Be3 Qd8 15. Rac1 Bg7 16. Bc5 Bf8 17. Bxf8 Kxf8 18. Rc3 Nb8 19. Qf4 Nc6 20. Qh6+ Kg8 21. h4 Qf8 22. Qf4 h6 23. h5 g5 24. Qg3 f5 25. exf6 Qxf6 26. Nh4 e5 27. Ng6 Rh7 28. f4 exf4 29. Nxf4 Qd4+ 30. Kh2 Rf7 31. Nxd5 Be6 32. Nc7 Rxf1 33. Bxf1 Ne5 34. Nxe6 Ng4+ 35. Kh1 Rf8 36. Rc8 Nf2+ 37. Qxf2 1-0

[Event "RUS-ch Men Rapid 2019"]
[Site "Sochi"]
[Date "2019.10.16"]
[Round "9.6"]
[White "Khegay, Dmitriy"]
[Black "Moiseenko, Vadim"]
[Result "0-1"]
[ECO "C55"]
[WhiteElo "2509"]
[BlackElo "2532"]
[Annotator "ChessBase"]
[PlyCount "62"]
[EventDate "2019.10.15"]
[EventType "swiss"]
[EventCountry "RUS"]
[SourceTitle "playchess.com"]
[Source "ChessBase"]
[SourceQuality "1"]
[TimeControl "900+10"]

1. e4 e5 2. Nf3 Nc6 3. Bc4 Nf6 4. d3 Be7 5. O-O O-O 6. a4 d6 7. Re1 Kh8 8. Nc3 Ng8 9. h3 f5 10. Nd5 Nf6 11. Ng5 Ng8 12. Nf3 Nf6 13. c3 Nxd5 14. Bxd5 Bf6 15. Ba2 fxe4 16. dxe4 Qe8 17. Kh1 a5 18. Be3 Ne7 19. Nh2 Qg6 20. Ng4 Bh4 21. g3 Bg5 22. Bxg5 Qxg5 23. Kg2 Ng6 24. Qc1 Rf4 25. gxf4 Nxf4+ 26. Kf1 Bxg4 27. hxg4 Qh4 28. f3 Rf8 29. Re3 Rf6 30. Qd2 Qh1+ 31. Kf2 Qg2+ 0-1

[Event "RUS-ch Men Rapid 2019"]
[Site "Sochi"]
[Date "2019.10.16"]
[Round "9.7"]
[White "Glek, Igor"]
[Black "Lysyj, Igor"]
[Result "1/2-1/2"]
[ECO "C47"]
[WhiteElo "2467"]
[BlackElo "2596"]
[Annotator "ChessBase"]
[PlyCount "82"]
[EventDate "2019.10.15"]
[EventType "swiss"]
[EventCountry "RUS"]
[SourceTitle "playchess.com"]
[Source "ChessBase"]
[SourceQuality "1"]
[TimeControl "900+10"]

1. e4 e5 2. Nf3 Nc6 3. Nc3 Nf6 4. g3 Bc5 5. Bg2 d6 6. d3 a5 7. O-O Be6 8. Ne2 Bb6 9. d4 Bg4 10. d5 Ne7 11. h3 Bd7 12. Nd2 Qc8 13. Kh2 h5 14. Nc4 h4 15. g4 Ba7 16. f4 b5 17. Ne3 Bxe3 18. Bxe3 Bxg4 19. fxe5 dxe5 20. Bg5 Bh5 21. Bxf6 gxf6 22. Rxf6 Ra6 23. Rxa6 Qxa6 24. Qd3 Qb6 25. Rf1 Bg6 26. Nc3 b4 27. Na4 Qd6 28. Qb5+ Kf8 29. Qxa5 Kg7 30. Qc5 f5 31. Qxd6 cxd6 32. Nb6 fxe4 33. Re1 e3 34. Nc4 Rc8 35. b3 Ra8 36. Nxd6 Rxa2 37. Nc4 Rxc2 38. d6 Nc6 39. Nxe3 Ra2 40. Kg1 e4 41. Rc1 Ne5 1/2-1/2

[Event "RUS-ch Men Rapid 2019"]
[Site "Sochi"]
[Date "2019.10.16"]
[Round "9.8"]
[White "Samusenko, Maksim"]
[Black "Sakaev, Konstantin"]
[Result "1/2-1/2"]
[ECO "B93"]
[WhiteElo "2445"]
[BlackElo "2595"]
[Annotator "ChessBase"]
[PlyCount "38"]
[EventDate "2019.10.15"]
[EventType "swiss"]
[EventCountry "RUS"]
[SourceTitle "playchess.com"]
[Source "ChessBase"]
[SourceQuality "1"]
[TimeControl "900+10"]

1. e4 c5 2. Nf3 d6 3. d4 cxd4 4. Nxd4 Nf6 5. Nc3 a6 6. f4 Qc7 7. Bd3 g6 8. O-O Bg7 9. Kh1 Nbd7 10. Nf3 O-O 11. Qe1 b5 12. e5 dxe5 13. fxe5 Ng4 14. Nd5 Qc5 15. Qe4 Ndxe5 16. Nxe5 Nxe5 17. Bg5 Be6 18. Nxe7+ Kh8 19. Qh4 Bc4 1/2-1/2

[Event "RUS-ch Men Rapid 2019"]
[Site "Sochi"]
[Date "2019.10.16"]
[Round "9.9"]
[White "Tekeyev, Zaur"]
[Black "Pridorozhni, Aleksei"]
[Result "0-1"]
[ECO "B40"]
[WhiteElo "2384"]
[BlackElo "2599"]
[Annotator "ChessBase"]
[PlyCount "127"]
[EventDate "2019.10.15"]
[EventType "swiss"]
[EventCountry "RUS"]
[SourceTitle "playchess.com"]
[Source "ChessBase"]
[SourceQuality "1"]
[TimeControl "900+10"]

1. e4 c5 2. Nf3 e6 3. d4 cxd4 4. Nxd4 Nf6 5. Nc3 Nc6 6. Ndb5 Bc5 7. Bf4 O-O 8. Bc7 Qe7 9. Bd6 Bxd6 10. Qxd6 Qd8 11. O-O-O a6 12. Nd4 Qb6 13. f3 Ne8 14. Na4 Qa5 15. Nxc6 bxc6 16. Qd4 d5 17. b3 Nf6 18. Qc5 Qc7 19. Bd3 Nd7 20. Qe7 Bb7 21. Kb1 Rfe8 22. Qh4 Nf8 23. Nc5 Qb6 24. Na4 Qa7 25. Rhe1 a5 26. f4 c5 27. exd5 Bxd5 28. Bb5 Rec8 29. Qf2 Qb7 30. c4 Bxg2 31. Nxc5 Qa7 32. Nd3 Qxf2 33. Nxf2 Ng6 34. f5 exf5 35. Bd7 Rd8 36. Bxf5 Nf4 37. Bd7 Nd5 38. cxd5 Rxd7 39. d6 Rad8 40. Re5 f6 41. Rxa5 Rxd6 42. Rxd6 Rxd6 43. Kc2 g5 44. a4 h5 45. Kc3 Kf7 46. b4 Kg6 47. b5 g4 48. Nd3 Be4 49. Nc5 Bf3 50. Ra7 h4 51. Nd3 h3 52. Re7 g3 53. Nf4+ Kf5 54. Nxh3 gxh2 55. Nf2 Kf4 56. Re1 Kg3 57. Nh1+ Kg2 58. a5 f5 59. b6 Bb7 60. Kc4 f4 61. Re7 Ba6+ 62. Kc5 Rh6 63. Re1 f3 64. Kd4 0-1

[Event "RUS-ch Men Rapid 2019"]
[Site "Sochi"]
[Date "2019.10.16"]
[Round "9.11"]
[White "Zakaryan, David"]
[Black "Drygalov, Andrey"]
[Result "1/2-1/2"]
[ECO "B23"]
[WhiteElo "2338"]
[BlackElo "2484"]
[Annotator "ChessBase"]
[PlyCount "78"]
[EventDate "2019.10.15"]
[EventType "swiss"]
[EventCountry "RUS"]
[SourceTitle "playchess.com"]
[Source "ChessBase"]
[SourceQuality "1"]
[TimeControl "900+10"]

1. e4 c5 2. Nc3 d6 3. d4 cxd4 4. Qxd4 Nc6 5. Bb5 Bd7 6. Bxc6 Bxc6 7. Nf3 Nf6 8. Bg5 e6 9. O-O-O Be7 10. Rhe1 Qa5 11. Qd2 h6 12. Bh4 Rd8 13. Kb1 e5 14. Bxf6 Bxf6 15. Nd5 Qxd2 16. Rxd2 Bxd5 17. Rxd5 Ke7 18. Red1 Ke6 19. Nd2 Rd7 20. Nc4 Rhd8 21. g3 g6 22. f4 Bg7 23. a4 f5 24. exf5+ gxf5 25. c3 h5 26. Kc2 h4 27. b4 exf4 28. gxf4 Rc7 29. Kb3 Rdc8 30. Rxd6+ Ke7 31. Ne5 Bxe5 32. fxe5 Rxc3+ 33. Kb2 Rc2+ 34. Kb1 Rxh2 35. Rg1 Re2 36. Rg7+ Kf8 37. Rxb7 Re1+ 38. Kb2 Re2+ 39. Kb1 Re1+ 1/2-1/2

[Event "RUS-ch Men Rapid 2019"]
[Site "Sochi"]
[Date "2019.10.16"]
[Round "9.15"]
[White "Triapishko, Alexandr"]
[Black "Korchmar, Vasiliy"]
[Result "1/2-1/2"]
[ECO "D78"]
[WhiteElo "2514"]
[BlackElo "2434"]
[Annotator "ChessBase"]
[PlyCount "44"]
[EventDate "2019.10.15"]
[EventType "swiss"]
[EventCountry "RUS"]
[SourceTitle "playchess.com"]
[Source "ChessBase"]
[SourceQuality "1"]
[TimeControl "900+10"]

1. Nf3 d5 2. g3 g6 3. Bg2 Bg7 4. d4 Nf6 5. O-O O-O 6. c4 c6 7. a4 Bf5 8. Ne5 Nbd7 9. cxd5 cxd5 10. Nc3 Be6 11. Nd3 Bf5 12. Nxd5 Nxd5 13. Bxd5 Bxd4 14. Bxb7 Rb8 15. Bg2 Bxd3 16. Qxd3 Nc5 17. Qc2 Nb3 18. Rb1 Nxc1 19. Rfxc1 Qb6 20. e3 Bxb2 21. Rd1 Qf6 22. Qc6 Qxc6 1/2-1/2

[Event "RUS-ch Men Rapid 2019"]
[Site "Sochi"]
[Date "2019.10.16"]
[Round "9.16"]
[White "Bryakin, Mikhail"]
[Black "Yudin, Sergei"]
[Result "0-1"]
[ECO "D02"]
[WhiteElo "2440"]
[BlackElo "2497"]
[Annotator "ChessBase"]
[PlyCount "82"]
[EventDate "2019.10.15"]
[EventType "swiss"]
[EventCountry "RUS"]
[SourceTitle "playchess.com"]
[Source "ChessBase"]
[SourceQuality "1"]
[TimeControl "900+10"]

1. d4 d5 2. Nf3 e6 3. c4 c6 4. Qc2 dxc4 5. Qxc4 Nf6 6. g3 b5 7. Qc2 Bb7 8. Bg2 Nbd7 9. a4 b4 10. a5 c5 11. O-O Rc8 12. Qd1 c4 13. Bd2 Be4 14. Ra4 Nd5 15. Qc1 Be7 16. Ne1 Bxg2 17. Nxg2 N7f6 18. f3 Qd7 19. Ra2 c3 20. bxc3 bxc3 21. Rc2 O-O 22. Bxc3 Nxc3 23. Rxc3 Qxd4+ 24. e3 Qd7 25. Rd1 Nd5 26. Rc4 Qb7 27. e4 Nb4 28. Ne3 Nc6 29. Qc3 Bf6 30. Qa3 Rcd8 31. Rxd8 Rxd8 32. Nc3 Ne5 33. Rb4 Qc8 34. f4 Nf3+ 35. Kf2 Nd2 36. e5 Be7 37. Ke2 Qa8 38. Ncd5 exd5 39. Kxd2 d4 40. Nc2 Qg2+ 41. Kc1 Rc8 0-1

[Event "RUS-ch Men Rapid 2019"]
[Site "Sochi"]
[Date "2019.10.16"]
[Round "9.18"]
[White "Mnatsakanian, Arsen"]
[Black "Papin, Vasily"]
[Result "0-1"]
[ECO "B23"]
[WhiteElo "2138"]
[BlackElo "2481"]
[Annotator "ChessBase"]
[PlyCount "90"]
[EventDate "2019.10.15"]
[EventType "swiss"]
[EventCountry "RUS"]
[SourceTitle "playchess.com"]
[Source "ChessBase"]
[SourceQuality "1"]
[TimeControl "900+10"]

1. e4 c5 2. Nc3 a6 3. g3 b5 4. Bg2 Bb7 5. d3 e6 6. f4 d5 7. e5 h5 8. h3 g6 9. Nf3 Nh6 10. O-O Nf5 11. Ne2 Nc6 12. c3 d4 13. Ng5 Qb6 14. Kh2 Be7 15. Ne4 O-O-O 16. a4 c4 17. axb5 axb5 18. dxc4 d3 19. cxb5 dxe2 20. Qxe2 Na7 21. b4 Nxb5 22. Ra5 Nc7 23. Qa2 Ne3 24. Bxe3 Qxe3 25. Nd6+ Bxd6 26. Bxb7+ Kxb7 27. Qg2+ Kb8 28. Kh1 Bxe5 29. Rxe5 Qb6 30. Ra5 Qb7 31. Rf3 Rd1+ 32. Kh2 Rhd8 33. Ra2 R8d3 34. Rxd3 Qxg2+ 35. Kxg2 Rxd3 36. c4 Rd4 37. Rc2 Na6 38. b5 Nc5 39. Rc3 Ne4 40. Rc1 Rd3 41. c5 Rxg3+ 42. Kh2 Rc3 43. Rd1 Rxc5 44. Rd7 Rc2+ 45. Kg1 Rc7 0-1

[Event "RUS-ch Men Rapid 2019"]
[Site "Sochi"]
[Date "2019.10.16"]
[Round "9.19"]
[White "Gutenev, Alexander"]
[Black "Gaydym, Arseniy"]
[Result "0-1"]
[ECO "B23"]
[WhiteElo "2469"]
[BlackElo "2139"]
[Annotator "ChessBase"]
[PlyCount "100"]
[EventDate "2019.10.15"]
[EventType "swiss"]
[EventCountry "RUS"]
[SourceTitle "playchess.com"]
[Source "ChessBase"]
[SourceQuality "1"]
[TimeControl "900+10"]

1. e4 c5 2. Nc3 d6 3. d4 cxd4 4. Qxd4 Nf6 5. b3 Nc6 6. Qd2 g6 7. Bb2 Bg7 8. O-O-O Be6 9. Kb1 Rc8 10. f3 O-O 11. g4 Qa5 12. Nge2 b5 13. Nf4 b4 14. Nce2 Rfd8 15. Nxe6 fxe6 16. Nf4 Kf7 17. h4 Ne5 18. Qe2 Rc6 19. Bh3 Ra6 20. g5 Qxa2+ 21. Kc1 Nfg4 22. Bd4 Rc8 23. Bxg4 Nxg4 24. Bxg7 Rac6 25. Bb2 Ne3 26. Rd2 Qxb3 27. Rh2 Rxc2+ 28. Rxc2 Rxc2+ 29. Qxc2 Nxc2 30. Rxc2 Qe3+ 31. Kd1 Qxf4 32. Ke2 b3 33. Rd2 Qxh4 34. Bd4 Qxg5 35. Kd3 Qb5+ 36. Kc3 b2 37. Rxb2 Qf1 38. Rf2 Qa1+ 39. Kd3 Qd1+ 40. Ke3 e5 41. Bc3 Qb3 42. Kd3 a5 43. Rb2 Qd1+ 44. Ke3 a4 45. Rd2 Qb3 46. Rd3 Qb6+ 47. Kd2 Qf2+ 48. Kc1 a3 49. Bd2 a2 50. Ra3 Qf1+ 0-1

[Event "RUS-ch Men Rapid 2019"]
[Site "Sochi"]
[Date "2019.10.16"]
[Round "9.21"]
[White "Savchenko, Boris"]
[Black "Denishev, Marat"]
[Result "1-0"]
[ECO "B50"]
[WhiteElo "2581"]
[BlackElo "2332"]
[Annotator "ChessBase"]
[PlyCount "79"]
[EventDate "2019.10.15"]
[EventType "swiss"]
[EventCountry "RUS"]
[SourceTitle "playchess.com"]
[Source "ChessBase"]
[SourceQuality "1"]
[TimeControl "900+10"]

1. e4 c5 2. Nf3 d6 3. c3 Nf6 4. g3 g6 5. Bg2 Bg7 6. O-O O-O 7. Re1 e5 8. a4 Nc6 9. d3 h6 10. Na3 Be6 11. d4 exd4 12. cxd4 Bg4 13. d5 Nd4 14. Qd3 Bxf3 15. Bxf3 Re8 16. Bd2 Nd7 17. Nc4 Ne5 18. Nxe5 Bxe5 19. Bxh6 Qf6 20. Bg2 g5 21. Bxg5 Qxg5 22. f4 Bxf4 23. gxf4 Qxf4 24. b4 b6 25. Re3 Re5 26. Rf1 Qh6 27. Rg3+ Kf8 28. Rh3 Qg7 29. Rh4 Rg5 30. Qh3 Ke7 31. Rh7 Rxg2+ 32. Kh1 Rg8 33. Rxg7 R2xg7 34. bxc5 bxc5 35. Rb1 f5 36. exf5 Kf6 37. Re1 Rg5 38. Qh6+ Kxf5 39. Qxd6 Nf3 40. Qe6+ 1-0

[Event "RUS-ch Men Rapid 2019"]
[Site "Sochi"]
[Date "2019.10.16"]
[Round "9.22"]
[White "Dudin, Gleb"]
[Black "Yuffa, Daniil"]
[Result "1-0"]
[ECO "E73"]
[WhiteElo "2323"]
[BlackElo "2577"]
[Annotator "ChessBase"]
[PlyCount "55"]
[EventDate "2019.10.15"]
[EventType "swiss"]
[EventCountry "RUS"]
[SourceTitle "playchess.com"]
[Source "ChessBase"]
[SourceQuality "1"]
[TimeControl "900+10"]

1. d4 Nf6 2. c4 g6 3. Nc3 Bg7 4. e4 d6 5. Be2 O-O 6. Be3 c5 7. e5 Nfd7 8. exd6 exd6 9. Nf3 Nc6 10. O-O a6 11. Qd2 Re8 12. Rad1 Qa5 13. Rfe1 Nf6 14. h3 Bf5 15. b3 Rad8 16. Bf1 h6 17. Qc1 Kh7 18. Na4 Ne4 19. dxc5 dxc5 20. Rd5 Rxd5 21. cxd5 Nd4 22. Nd2 b5 23. Nxe4 Bxe4 24. Nxc5 Bxd5 25. Rd1 Bf3 26. Rxd4 Bxd4 27. Bxd4 Bd5 28. Nd7 1-0

[Event "RUS-ch Men Rapid 2019"]
[Site "Sochi"]
[Date "2019.10.16"]
[Round "9.24"]
[White "Yatzenko, Anton"]
[Black "Vastrukhin, Oleg"]
[Result "1-0"]
[ECO "A40"]
[WhiteElo "2383"]
[BlackElo "2428"]
[Annotator "NA"]
[PlyCount "101"]
[EventDate "2019.10.15"]
[EventType "swiss"]
[EventCountry "RUS"]
[SourceTitle "playchess.com"]
[Source "ChessBase"]
[SourceQuality "1"]
[TimeControl "900+10"]

1. d4 g6 2. Nf3 Bg7 3. c3 d6 4. Bg5 c6 5. Nbd2 h6 6. Bh4 Nd7 7. e4 Ngf6 8. Be2 O-O 9. O-O e5 10. dxe5 dxe5 11. Qc2 Qc7 12. a4 Nh5 13. Rfe1 Nc5 14. b4 Ne6 15. Nc4 Nef4 16. Bf1 Be6 17. Ne3 Bf6 18. Bg3 Rad8 19. Rad1 a5 20. Bc4 Bc8 21. Bf1 axb4 22. cxb4 Ne6 23. Nc4 Nhf4 24. a5 h5 25. h3 Kg7 26. Rxd8 Rxd8 27. Rd1 Rh8 28. Nb6 g5 29. b5 g4 30. hxg4 hxg4 31. Nh2 c5 32. Nxg4 Nd4 33. Rxd4 Bxg4 34. Rc4 Qd6 35. Rxc5 Qd4 36. Nd5 Nxd5 37. exd5 Qa1 38. Qc1 Qxa5 39. Bxe5 Rh5 40. Bxf6+ Kxf6 41. Qf4+ Bf5 42. d6 Qb6 43. Qd4+ Kg6 44. Bd3 f6 45. Bxf5+ Rxf5 46. Qg4+ Rg5 47. Rxg5+ fxg5 48. Qe6+ Kh5 49. Qe8+ Kg4 50. d7 Qc7 51. Qc8 1-0

[Event "RUS-ch Men Rapid 2019"]
[Site "Sochi"]
[Date "2019.10.16"]
[Round "9.25"]
[White "Belyakov, Bogdan"]
[Black "Gogolev, Artem"]
[Result "0-1"]
[ECO "C44"]
[WhiteElo "2495"]
[BlackElo "2328"]
[Annotator "ChessBase"]
[PlyCount "38"]
[EventDate "2019.10.15"]
[EventType "swiss"]
[EventCountry "RUS"]
[SourceTitle "playchess.com"]
[Source "ChessBase"]
[SourceQuality "1"]
[TimeControl "900+10"]

1. e4 e5 2. Nf3 Nc6 3. c3 d5 4. Qa4 dxe4 5. Nxe5 Nf6 6. Bc4 Be6 7. Nxc6 bxc6 8. Bxe6 fxe6 9. Qxc6+ Kf7 10. O-O Bd6 11. f3 Rf8 12. fxe4 Kg8 13. e5 Ng4 14. Rxf8+ Qxf8 15. Qf3 Qxf3 16. gxf3 Nxe5 17. d4 Nxf3+ 18. Kg2 Ne1+ 19. Kg1 Nc2 0-1

[Event "RUS-ch Men Rapid 2019"]
[Site "Sochi"]
[Date "2019.10.16"]
[Round "9.27"]
[White "Nazaretyan, Tigran"]
[Black "Shubin, Kirill"]
[Result "0-1"]
[ECO "E12"]
[WhiteElo "2297"]
[BlackElo "2416"]
[Annotator "NA RC"]
[PlyCount "112"]
[EventDate "2019.10.15"]
[EventType "swiss"]
[EventCountry "RUS"]
[SourceTitle "playchess.com"]
[Source "ChessBase"]
[SourceQuality "1"]
[TimeControl "900+10"]

1. d4 e6 2. c4 Nf6 3. Nf3 b6 4. a3 Bb7 5. Nc3 Ne4 6. Nxe4 Bxe4 7. Nd2 Bb7 8. e4 g6 9. Bd3 Bg7 10. Nf3 O-O 11. Bg5 Qe8 12. Qd2 Nc6 13. Bh6 d6 14. h4 f5 15. h5 Qe7 16. hxg6 hxg6 17. exf5 exf5+ 18. Kf1 Rae8 19. c5 d5 20. Re1 Qf6 21. Bg5 Qf7 22. Rxe8 Rxe8 23. b4 Nxd4 24. Nxd4 Bxd4 25. Bb5 bxc5 26. bxc5 Bg7 27. Bxe8 Qxe8 28. Rh3 d4 29. Qa2+ Kf8 30. Bh6 Qe4 31. f3 Ba6+ 32. Kf2 Qe5 33. Bxg7+ Kxg7 34. Qd2 f4 35. Rh1 Qe3+ 36. Qxe3 fxe3+ 37. Ke1 Kf6 38. Rh7 d3 39. Rxc7 d2+ 40. Kd1 Bc4 41. Rd7 Ke5 42. a4 Bb3+ 43. Ke2 Bxa4 44. c6 Bxc6 45. Re7+ Kd4 46. Rxa7 Bb5+ 47. Kd1 g5 48. Ra8 Bc4 49. Ra3 Bg8 50. Ke2 Bc4+ 51. Kd1 Bb5 52. Kc2 Be2 53. Ra4+ Ke5 54. Ra1 Kf4 55. Ra4+ Kg3 56. Rg4+ Kf2 0-1

[Event "RUS-ch Men Rapid 2019"]
[Site "Sochi"]
[Date "2019.10.16"]
[Round "9.28"]
[White "Pogromsky, Mikhail"]
[Black "Usmanov, Ilnur"]
[Result "1-0"]
[ECO "D02"]
[WhiteElo "2411"]
[BlackElo "2144"]
[Annotator "NA"]
[PlyCount "63"]
[EventDate "2019.10.15"]
[EventType "swiss"]
[EventCountry "RUS"]
[SourceTitle "playchess.com"]
[Source "ChessBase"]
[SourceQuality "1"]
[TimeControl "900+10"]

1. Nf3 d5 2. d4 Nf6 3. c4 c6 4. Qc2 g6 5. e3 Bf5 6. Qb3 Qb6 7. Nc3 Nbd7 8. Bd2 Bg7 9. Qxb6 Nxb6 10. cxd5 Nbxd5 11. Nxd5 Nxd5 12. Rc1 O-O 13. Bc4 Rad8 14. Ke2 Bg4 15. h3 Bxf3+ 16. Kxf3 e5 17. dxe5 Nb6 18. Ba5 Nxc4 19. Rxc4 Rd5 20. Bc3 Bxe5 21. e4 Rd3+ 22. Ke2 Rfd8 23. Bxe5 Rd2+ 24. Kf3 R8d3+ 25. Kg4 Rxf2 26. g3 f6 27. Rd4 h5+ 28. Kh4 Rxd4 29. Bxd4 Rf3 30. g4 g5+ 31. Kxh5 Rd3 32. Bxf6 1-0

[Event "RUS-ch Men Rapid 2019"]
[Site "Sochi"]
[Date "2019.10.16"]
[Round "9.29"]
[White "Ulybin, Mikhail"]
[Black "Kurbedinov, Ramis"]
[Result "1-0"]
[ECO "E06"]
[WhiteElo "2455"]
[BlackElo "2280"]
[Annotator "ChessBase"]
[PlyCount "50"]
[EventDate "2019.10.15"]
[EventType "swiss"]
[EventCountry "RUS"]
[SourceTitle "playchess.com"]
[Source "ChessBase"]
[SourceQuality "1"]
[TimeControl "900+10"]

1. d4 Nf6 2. c4 e6 3. g3 d5 4. Bg2 Be7 5. Nf3 O-O 6. O-O dxc4 7. Qc2 a6 8. Qxc4 b5 9. Qc2 Bb7 10. Bd2 Be4 11. Qc1 Nbd7 12. Ba5 Ra7 13. Nbd2 Bd5 14. Re1 Qa8 15. e4 Bb7 16. b4 Rd8 17. Qc3 Nb8 18. Ne5 Nfd7 19. Nb3 Nxe5 20. dxe5 Nc6 21. Rad1 Rxd1 22. Rxd1 Nxa5 23. Nxa5 Bxe4 24. Bxe4 Qxe4 25. Nc6 Bf8 1-0

[Event "RUS-ch Men Rapid 2019"]
[Site "Sochi"]
[Date "2019.10.16"]
[Round "9.30"]
[White "Savitskiy, Sergey"]
[Black "Gurvich, Vitaly"]
[Result "0-1"]
[ECO "B15"]
[WhiteElo "2407"]
[BlackElo "2278"]
[Annotator "NA"]
[PlyCount "102"]
[EventDate "2019.10.15"]
[EventType "swiss"]
[EventCountry "RUS"]
[SourceTitle "playchess.com"]
[Source "ChessBase"]
[SourceQuality "1"]
[TimeControl "900+10"]

1. e4 c6 2. d4 d5 3. Nc3 dxe4 4. Nxe4 Nf6 5. Nxf6+ exf6 6. c3 Bd6 7. Bd3 O-O 8. Qc2 Re8+ 9. Ne2 Kh8 10. Be3 Nd7 11. O-O-O Nf8 12. h4 Be6 13. Kb1 b5 14. h5 Bd5 15. Nf4 Bxf4 16. Bxf4 Bxg2 17. Rh2 Bf3 18. Rg1 Qd5 19. Rh4 Bxh5 20. c4 bxc4 21. Bxc4 Qf3 22. Rg3 Qd1+ 23. Qxd1 Bxd1 24. Be3 Ba4 25. Bxf7 Re7 26. Bc4 Bb5 27. Bb3 g5 28. Rh6 Bd3+ 29. Kc1 Ng6 30. Kd2 Be4 31. f3 Bf5 32. d5 Kg7 33. Rh2 cxd5 34. Bc5 Rd7 35. Bd4 h6 36. Rg1 Rh8 37. Bd1 Rc7 38. b3 Nf4 39. Rh4 Ne6 40. Bf2 d4 41. Rh2 Rhc8 42. Rhh1 Kg6 43. b4 Rc2+ 44. Bxc2 Rxc2+ 45. Ke1 d3 46. Bxa7 Rxa2 47. Bb6 Nf4 48. Kd1 Be6 49. Be3 Bb3+ 50. Kc1 Ne2+ 51. Kb1 Nc3+ 0-1

[Event "RUS-ch Men Rapid 2019"]
[Site "Sochi"]
[Date "2019.10.16"]
[Round "9.31"]
[White "Ivlev, Aleksey"]
[Black "Dashko, Andrey"]
[Result "1-0"]
[ECO "A52"]
[WhiteElo "2292"]
[BlackElo "2225"]
[Annotator "NA"]
[PlyCount "85"]
[EventDate "2019.10.15"]
[EventType "swiss"]
[EventCountry "RUS"]
[SourceTitle "playchess.com"]
[Source "ChessBase"]
[SourceQuality "1"]
[TimeControl "900+10"]

1. d4 Nf6 2. c4 e5 3. dxe5 Ng4 4. e3 Nxe5 5. Nh3 Nbc6 6. Nc3 d6 7. Nf4 g6 8. Be2 Bg7 9. O-O O-O 10. Bd2 Nd7 11. Rc1 Nc5 12. Nfd5 a5 13. Nb5 Ne6 14. Bc3 Nb4 15. Bxg7 Kxg7 16. a3 Nxd5 17. cxd5 Nc5 18. b4 axb4 19. axb4 Na6 20. Qd4+ Kg8 21. Rc3 Bd7 22. Rfc1 Rc8 23. h3 h5 24. Na7 Rb8 25. Bxa6 bxa6 26. Rxc7 Bb5 27. Rc8 Qg5 28. Rxf8+ Rxf8 29. Nxb5 axb5 30. Rc6 Qe7 31. Rb6 Rc8 32. Rxb5 Rc1+ 33. Kh2 Qc7 34. Ra5 Qd8 35. Ra7 Rc2 36. Qf4 Qe8 37. Ra6 Qb8 38. Rxd6 Qc7 39. Rf6 Qd7 40. Qe5 Rd2 41. Rd6 Qc8 42. Qf6 Qc7 43. f4 1-0

[Event "RUS-ch Men Rapid 2019"]
[Site "Sochi"]
[Date "2019.10.16"]
[Round "9.32"]
[White "Volovich, Vasily"]
[Black "Truskavetsky, Alexandr"]
[Result "0-1"]
[ECO "C41"]
[WhiteElo "2120"]
[BlackElo "2370"]
[Annotator "NA"]
[PlyCount "76"]
[EventDate "2019.10.15"]
[EventType "swiss"]
[EventCountry "RUS"]
[SourceTitle "playchess.com"]
[Source "ChessBase"]
[SourceQuality "1"]
[TimeControl "900+10"]

1. e4 d6 2. d4 Nf6 3. Nc3 e5 4. Nf3 Nbd7 5. Bc4 Be7 6. O-O O-O 7. Re1 c6 8. a4 a5 9. h3 exd4 10. Qxd4 Nc5 11. Bf4 Be6 12. Rad1 Qb6 13. Bxe6 fxe6 14. Bxd6 Bxd6 15. Qxd6 Rad8 16. Qe5 Nfd7 17. Qd4 Qxb2 18. Ne5 Qb4 19. Qxb4 axb4 20. Nxd7 Rxd7 21. Rxd7 Nxd7 22. Na2 c5 23. Rd1 Ne5 24. Rd6 Ra8 25. Rxe6 Nc6 26. Nc1 Rxa4 27. Nd3 c4 28. Nc5 Ra1+ 29. Kh2 Na5 30. Re7 b3 31. cxb3 c3 32. Nd3 c2 33. b4 Nc6 34. Rc7 Rd1 35. b5 Rxd3 36. bxc6 c1=Q 37. Rc8+ Kf7 38. cxb7 Qf4+ 0-1

[Event "RUS-ch Men Rapid 2019"]
[Site "Sochi"]
[Date "2019.10.16"]
[Round "10.1"]
[White "Kokarev, Dmitry"]
[Black "Oganian, Miran"]
[Result "1/2-1/2"]
[ECO "B32"]
[WhiteElo "2593"]
[BlackElo "2436"]
[Annotator "ChessBase"]
[PlyCount "71"]
[EventDate "2019.10.15"]
[EventType "swiss"]
[EventCountry "RUS"]
[SourceTitle "playchess.com"]
[Source "ChessBase"]
[SourceQuality "1"]
[TimeControl "900+10"]

1. e4 c5 2. Nf3 Nc6 3. d4 cxd4 4. Nxd4 e5 5. Nb5 a6 6. Nd6+ Bxd6 7. Qxd6 Qe7 8. Qd1 Nf6 9. Nc3 d6 10. Bg5 Be6 11. Nd5 Bxd5 12. exd5 Nb8 13. Be2 O-O 14. O-O Nbd7 15. c4 a5 16. b3 h6 17. Be3 Nh7 18. f3 f5 19. Bd3 b6 20. Qd2 Nc5 21. Bc2 Ng5 22. Rfe1 Qf6 23. Rab1 Rae8 24. a3 f4 25. Bf2 e4 26. Bxc5 bxc5 27. Bxe4 Nxe4 28. Rxe4 Rxe4 29. fxe4 Qe5 30. Qd3 Re8 31. Re1 Qb2 32. Rf1 Qe5 33. Qd2 g5 34. Qxa5 Qd4+ 35. Kh1 Qd3 36. Qe1 1/2-1/2

[Event "RUS-ch Men Rapid 2019"]
[Site "Sochi"]
[Date "2019.10.16"]
[Round "10.3"]
[White "Moiseenko, Vadim"]
[Black "Rozum, Ivan"]
[Result "0-1"]
[ECO "A00"]
[WhiteElo "2532"]
[BlackElo "2599"]
[Annotator "ChessBase"]
[PlyCount "104"]
[EventDate "2019.10.15"]
[EventType "swiss"]
[EventCountry "RUS"]
[SourceTitle "playchess.com"]
[Source "ChessBase"]
[SourceQuality "1"]
[TimeControl "900+10"]

1. Nc3 d5 2. d4 Nf6 3. Bf4 a6 4. e3 e6 5. g4 c5 6. g5 Nfd7 7. Nf3 Nc6 8. h4 cxd4 9. exd4 Nb6 10. Bd3 Bd6 11. Ne2 Qc7 12. Bxd6 Qxd6 13. c3 Bd7 14. Qd2 O-O-O 15. Qf4 Kc7 16. Kd2 Rdf8 17. Rag1 Qxf4+ 18. Nxf4 f6 19. g6 h6 20. Nh5 Rhg8 21. Bf1 e5 22. b3 Bf5 23. Bh3 Be4 24. Rg3 f5 25. Ke2 exd4 26. cxd4 Kd6 27. Rd1 f4 28. Rgg1 Re8 29. Bg4 Bxg6+ 30. Kf1 Be4 31. Ne1 Ref8 32. f3 Bh7 33. Ng2 g5 34. Kf2 Bg6 35. Rge1 Bf5 36. Bxf5 Rxf5 37. hxg5 hxg5 38. Rg1 Rh8 39. Rh1 Rf7 40. Rh3 Rfh7 41. Rdh1 Nxd4 42. Nhxf4 Rxh3 43. Nxh3 Nd7 44. Ne1 Ne5 45. Kg2 Ne6 46. Rg1 Nf4+ 47. Nxf4 gxf4 48. Kf2 d4 49. Ng2 Rh3 50. Ne1 d3 51. Ng2 Rxf3+ 52. Ke1 Rg3 0-1